 Dungeon Crawl Stone Soup version 0.30-a0-305-g026cb31310 (webtiles) character file.

Game seed: 8504364004943472094

23 Sweetruy1997 the Sneak (level 2, 0/19 HPs)
             Began as a Spriggan Venom Mage on Oct 22, 2022.
             Succumbed to an adder's poison
             ... on level 1 of the Dungeon.
             The game lasted 00:02:57 (1198 turns).

Sweetruy1997 the Sneak (Spriggan Venom Mage)        Turns: 1198, Time: 00:02:58

Health: 0/19       AC:  2    Str:  4    XL:     2   Next: 72%
Magic:  4/7        EV: 17    Int: 16    God:
Gold:   50         SH:  0    Dex: 15    Spells: 4/7 levels left

rFire   . . .      SeeInvis +    c - +0 club
rCold   . . .      Faith    .    (no shield)
rNeg    . . .      Spirit   .    a - +0 robe
rPois   .          Reflect  .    (helmet restricted)
rElec   .          Harm     .    (no cloak)
rCorr   +          Rampage  .    (gloves unavailable)
Will    .....                    (boots unavailable)
Stlth   ..........               (no amulet)
HPRegen 0.23/turn                d - ring of resist corrosion
MPRegen 0.10/turn                (no ring)

@: berserking, lethally poisoned (0 -> -1), very quick
A: very small, no large weapons, unfitting armour, see invisible, speed 3
a: no special abilities


You were on level 1 of the Dungeon.
You visited 1 branch of the dungeon, and saw 2 of its levels.

You collected 50 gold pieces.

Inventory:

Hand Weapons
 c - a +0 club (weapon)
Armour
 a - a +0 robe (worn)
Jewellery
 d - a ring of resist corrosion (left hand)
Scrolls
 e - a scroll of vulnerability {unknown}
 g - a scroll of enchant armour {unknown}
Potions
 b - a potion of magic


   Skills:
 + Level 2.8 Dodging
 + Level 3.4 Stealth
 + Level 3.0 Spellcasting
 + Level 2.0 Transmutations
 + Level 3.4 Poison Magic


You had 4 spell levels left.
You knew the following spells:

 Your Spells              Type           Power      Damage    Failure   Level
a - Sting                 Tmut/Pois      44%        1d5       6%          1
b - Poisonous Vapours     Pois/Air       16%        N/A       14%         2

Your spell library contained the following spells:

 Spells                   Type           Power      Damage    Failure   Level
 Mephitic Cloud           Conj/Pois/Air  6%         N/A       34%         3
 Olgreb's Toxic Radiance  Pois           13%        N/A       43%         4


Dungeon Overview and Level Annotations

Branches:
Dungeon (2/15)

Altars:


Innate Abilities, Weirdness & Mutations

You are very small and have problems with some larger weapons.
You are too small for most types of armour.
You have supernaturally acute eyesight. (SInv)
You cover ground extremely quickly. (Speed+++)


Message History

You climb downwards.
Found a lumpy yellow potion.
There is a stone staircase leading up here.
The helpless bat fails to defend itself.
You hit the bat.
You kill the bat!
Your Transmutations skill increases to level 2!
The sting hits the adder.
The adder is poisoned.
The adder is lightly wounded.
The adder hisses angrily.
You closely miss the adder.
The adder is moderately wounded.
The adder bites you.
You are poisoned.
The adder poisons you!
You hit the adder but do no damage.
The adder is moderately wounded.
You feel sick. The adder misses you. The adder bites you.
You are more poisoned.
The adder poisons you!
The sting hits the adder.
The adder looks even sicker.
The adder is severely wounded.
You feel sick. The adder misses you.
You are too injured to fight recklessly!
You are too injured to fight recklessly!
You are too injured to fight recklessly!
You miss the adder.
The adder is severely wounded.
You feel sick. The adder bites you but does no damage. The adder misses you.
* * * LOW HITPOINT WARNING * * *
You feel sick. The adder bites you.
* * * LOW HITPOINT WARNING * * *
You climb upwards.
* * * LOW HITPOINT WARNING * * *
You feel sick.
There is a stone staircase leading down here.
It was a potion of berserk rage.
A red film seems to cover your vision as you go berserk!
You feel yourself moving faster!
You feel mighty!
You die...

#....# #.#####...# #.##.#
#.#####.#.#####
#.##.###....##.#.....#
#......####.########.#
###..........#.......#
#### #........#.....#####
...# #..............#
...#######.######.......#
................@.#.....#
)........#####..S.......#
........).........#.#####
...........###...##.#
...........###......#
#####[...^.##....####
#......#.....###
#####......#.......####
.......###.......#....###


You could see an adder (very poisoned).

Vanquished Creatures
  2 bats
  An endoplasm (D:1)
  A goblin (D:1)
  3 jackals (D:1)
  5 quokkas (D:1)
  3 ball pythons (D:1)
  3 frilled lizards (D:1)
  A kobold (D:2)
  2 rats (D:1)
21 creatures vanquished.

Notes
Turn   | Place    | Note
-------+----------+-------------------------------------------
     0 | D:1      | Sweetruy1997 the Spriggan Venom Mage began the quest for
                  | the Orb.
     0 | D:1      | Reached XP level 1. HP: 9/9 MP: 5/5
   378 | D:1      | Reached XP level 2. HP: 13/13 MP: 3/6
   653 | D:1      | Learned a level 2 spell: Poisonous Vapours
  1198 | D:1      | Succumbed to an adder's poison

Illustrated notes

Levels and vault maps discovered:
D:1:      arrival_zaba_pyramid, layout_basic, minmay_pentomino_t4
D:2:      layout_basic, hellmonk_ecumenical_altar_heavens_door,
          kennysheep_donut, kennysheep_doodads, nrook_uturn,
          guppyfry_early_orc_mine, uniq_natasha, uniq_terence

Skill      XL: |  1  2 |
---------------+-------+-----
Spellcasting   | 3 |  3.0
Transmutations | 2 |  2.0
Dodging        | |  2.8
Stealth        | |  3.4
Poison Magic   | |  3.4

Action                   || total
-------------------------++-------
Melee: Club              ||    20
 Cast: Sting             ||    34
       Poisonous Vapours ||     4
  Use: Potion            ||     1
 Stab: Sleeping          ||     1
Armor: Robe              ||     6
Dodge: Dodged            ||    17

Table legend: (Time is in decaauts)
 A = Elapsed time spent in this place.
 B = Non-inter-level travel time spent in this place.
 C = Inter-level travel time spent in this place.
 D = Time resting spent in this place.
 E = Time spent auto-exploring this place.
 F = Levels seen in this place.
 G = Mean time per level.
                   A        B        C        D        E       F      G
               +--------+--------+--------+--------+--------+-----+--------+
         Total |    918 |    896 |     22 |      0 |    761 |   2 |  459.0 |
       Dungeon |    918 |    896 |     22 |      0 |    761 |   2 |  459.0 |
               +--------+--------+--------+--------+--------+-----+--------+

Top non-repeatable levels by time:
     D:1: 896 daAuts
     D:2: 21 daAuts
